 Dungeon Crawl Stone Soup version 0.31-a0-859-g9dce7d3444 (webtiles) character file.

Game seed: 14630359875750260470

49 BinkBink the Ducker (level 3, 0/19 HPs)
             Began as a Spriggan Fighter on Oct 10, 2023.
             Slain by a worm (11 damage)
             ... on level 2 of the Dungeon.
             The game lasted 00:01:49 (1110 turns).

BinkBink the Ducker (Spriggan Fighter)              Turns: 1110, Time: 00:01:50

Health: 0/19       AC:  2    Str: 12    XL:     3   Next: 51%
Magic:  4/4        EV: 18    Int:  9    God:
Gold:   25         SH:  5    Dex: 16    Spells: 2/2 levels left

rFire   . . .        a - +0 rapier
rCold   . . .        c - +0 buckler
rNeg    . . .        b - +0 robe
rPois   .            (helmet restricted)
rElec   .            (no cloak)
rCorr   .            (gloves unavailable)
SInv    +            (boots unavailable)
Will    .....        (no amulet)
Stlth   +            (no ring)
HPRegen 0.23/turn    (no ring)
MPRegen 0.09/turn

%: no passive effects
@: very quick
A: very small, no large weapons, unfitting armour, see invisible, speed 3
a: no special abilities


You were on level 2 of the Dungeon.
You visited 1 branch of the dungeon, and saw 2 of its levels.

You collected 25 gold pieces.

Inventory:

Hand Weapons
 a - a +0 rapier (weapon)
Armour
 b - a +0 robe (worn)
 c - a +0 buckler (worn)
Scrolls
 e - a scroll of enchant armour {unknown}
Potions
 d - a potion of might


   Skills:
 + Level 2.7 Fighting
 * Level 3.2 Short Blades
 * Level 4.9 Dodging
 - Level 2.1 Shields


You had 2 spell levels left.
You didn't know any spells.
Your spell library contained the following spells:

 Spells                   Type           Power      Damage    Failure   Level
 Apportation              Tloc           0%         N/A       50%         1
 Necrotise                Necr           0%         1d4       50%         1
 Summon Small Mammal      Summ           0%         N/A       50%         1


Dungeon Overview and Level Annotations

Branches:
Dungeon (2/15)

Altars:


Innate Abilities, Weirdness & Mutations

You are very small and have problems with some larger weapons.
You are too small for most types of armour.
You have supernaturally acute eyesight. (SInv)
You cover ground extremely quickly. (Speed+++)


Message History

You closely miss the frilled lizard. The frilled lizard closely misses you.
You closely miss the frilled lizard. The frilled lizard bites you.
You hit the frilled lizard.
You kill the frilled lizard!
Items here: )) ††.
You see here a +0 dagger.
Items here: )) ††.
Items here: )) ††.
You completely miss the worm. You block the worm's attack.
You hit the worm.
The worm is moderately wounded.
The worm bites you.
You hit the worm.
The worm is heavily wounded.
You puncture the worm!
The worm is almost dead.
The worm closely misses you.
You puncture the worm!
You kill the worm!
The worm misses you.
Things that are here:
a +0 dagger; a worm corpse You hit the worm.
The worm is lightly wounded.
You completely miss the worm.
The worm is lightly wounded.
The worm completely misses you.
You hit the worm.
The worm is moderately wounded.
The worm bites you.
You barely miss the worm.
The worm is moderately wounded.
You hit the worm.
The worm is heavily wounded.
The worm bites you but does no damage.
You hit the worm but do no damage.
The worm is heavily wounded.
The worm bites you!
Ouch! That really hurt!
You die...

##### ### #...# #.#
#...# #.### #...# #...#
#...##### #.#.#
#.......## #.#.#
#...###..######.#.#####
. #.†.#
##....)@w.......# #...
#...#
#########.#.##.#.....
#...# #............
#<..# ##l###...####
##### #...>..##
#..##.#### ###........
#...#w###...
##########.#)........


You could see a worm.

Vanquished Creatures
  A worm (D:2)
  3 dart slugs
  3 bats
  2 giant cockroaches (D:1)
  2 hobgoblins
  4 jackals (D:1)
  5 kobolds
  3 quokkas
  A ball python (D:1)
  4 frilled lizards
  4 goblins
  6 rats
38 creatures vanquished.

Notes
Turn   | Place    | Note
-------+----------+-------------------------------------------
     0 | D:1      | BinkBink the Spriggan Fighter began the quest for the Orb.
     0 | D:1      | Reached XP level 1. HP: 11/11 MP: 2/2
   208 | D:1      | Reached XP level 2. HP: 14/16 MP: 3/3
   582 | D:1      | Reached XP level 3. HP: 17/19 MP: 4/4
  1110 | D:2      | Slain by a worm

Illustrated notes

Levels and vault maps discovered:
D:1:      co_arrival_random_square_maze, layout_loops_ring, amethyst_killhole
D:2:      layout_rooms

Skill      XL: |  1  2 |
---------------+-------+-----
Short Blades   | 3 |  3.2
Fighting       | |  2.7
Dodging        | |  4.9
Shields        | |  2.1

Action                     || total
---------------------------++-------
  Melee: Rapier            ||   118
   Stab: Sleeping          ||     1
 Armour: Robe              ||    37
  Dodge: Dodged            ||    85
  Block: Buckler           ||    18

Table legend: (Time is in decaauts)
 A = Elapsed time spent in this place.
 B = Non-inter-level travel time spent in this place.
 C = Inter-level travel time spent in this place.
 D = Time resting spent in this place.
 E = Time spent auto-exploring this place.
 F = Levels seen in this place.
 G = Mean time per level.
                   A        B        C        D        E       F      G
               +--------+--------+--------+--------+--------+-----+--------+
         Total |    789 |    757 |     32 |     79 |    413 |   2 |  394.5 |
       Dungeon |    789 |    757 |     32 |     79 |    413 |   2 |  394.5 |
               +--------+--------+--------+--------+--------+-----+--------+

Top non-repeatable levels by time:
     D:1: 590 daAuts
     D:2: 199 daAuts
